Cogmind - Beta 13 @@@ ROGUE MODE // 2024.04.16 @ 05:07:45 Player: Minty Result: Destroyed by DAS Turret with DAS Cannon Performance ------------- Evolutions (0) 0 Regions Visited (3) 600 Robots Destroyed (10) 50 Value Destroyed (248) 248 Prototype IDs (3) 60 Alien Tech Used (0) 0 Bonus (300) 300 TOTAL SCORE: 1258 Bonus ------- Aligned with FarCom 300 Cogmind --------- Core Integrity 0/250 Matter 117/300 Energy 91/100 System Corruption 4% Temperature Cool (0) Movement Core (50) Location -10/Exiles Parts ------- > --- POWER (1) -------- (None) > --- PROPULSION (2) --- (None) > --- UTILITY (2) ------ Propulsion Shielding > --- WEAPON (2) ------- (None) > --- INVENTORY (5) ---- Cold Fusion Reactor Compact Wheel Large Storage Unit Medium Matter Pod (54) Weapon Shielding Peak State ------------ > --- POWER ------------ Ion Engine > --- PROPULSION ------- Makeshift Hover Unit Makeshift Hover Unit > --- UTILITY ---------- Large Storage Unit Propulsion Shielding > --- WEAPON ----------- Grenade Launcher > --- INVENTORY -------- Cold Fusion Reactor Light Treads Light Treads Compact Wheel Compact Wheel Small Storage Unit Medium Storage Unit Medium Matter Pod Medium Matter Pod Medium Matter Pod Weapon Shielding Medium Laser Assault Rifle Assault Rifle Light Assault Rifle [Rating: 16] Favorites ----------- Power Ion Engine Engine Ion Engine Propulsion Wheel Leg Aluminum Leg Wheel Wheel Hover Unit Makeshift Hover Unit Utility Propulsion Shielding Storage Large Storage Unit Protection Propulsion Shielding Weapon Light Assault Rifle Ballistic Gun Light Assault Rifle Launcher Grenade Launcher Build | -11 -10 -10 -10 ------- Run | Yrd Mat Min Exi Slots Evolved . | . . . . Power . | . . . . Propulsion . | . . . . Utility . | . . . . Weapon . | . . . . Parts Attached 17 | . 12 . 5 Power . | . . . . Engine . | . . . . Core . | . . . . Reactor . | . . . . Propulsion 10 | . 8 . 2 Treads . | . . . . Leg . | . . . . Wheel 8 | . 8 . . Hover 2 | . . . 2 Flight . | . . . . Utility 4 | . 3 . 1 Device . | . . . . Storage 3 | . 2 . 1 Processor . | . . . . Hackware . | . . . . Protection 1 | . 1 . . Artifact . | . . . . Weapon 3 | . 1 . 2 Energy Gun . | . . . . Energy Cannon . | . . . . Ballistic Gun 1 | . 1 . . Ballistic Cannon . | . . . . Launcher 2 | . . . 2 Special Weapon . | . . . . Impact Weapon . | . . . . Slashing Weapon . | . . . . Piercing Weapon . | . . . . Special Melee Weapon . | . . . . Unidentified Prototypes . | . . . . Parts Lost 2 | . . . 2 Power . | . . . . Propulsion 1 | . . . 1 Utility . | . . . . Weapon 1 | . . . 1 Highest Loss Streak 1 | . . . 1 To Critical Strikes . | . . . . Average Slot Usage (%) 97 | . 99 100 90 Engine 13 | . 14 14 13 Leg 3 | . 5 . . Wheel 23 | . 22 28 22 Storage 14 | . 14 14 14 Protection 13 | . 13 14 14 Ballistic Gun 26 | . 28 28 18 Naked Turns . | . . . . Heaviest Build 32 | 13 29 29 32 Greatest Support 32 | 20 32 20 24 Greatest Overweight (x) 2 | . 1 1 2 Average Overweight (x) . | . . 1 . Largest Inventory Capacity 15 | . 15 15 15 Average Capacity 13 | . 13 15 14 Most Carried 15 | . 15 15 15 Average Carried 12 | . 11 15 14 Final Capacity 15 | 8 15 15 5 Final Carried 15 | 6 15 15 5 Class Distribution -------------------- 100% | Mutant Dominant Class ---------------- Mutant | -10/Materials Mutant | -10/Mines Mutant | -10/Exiles Resources | -11 -10 -10 -10 ----------- Run | Yrd Mat Min Exi Matter Collected 493 | 200 293 . . Remotely . | . . . . Salvage Created 372 | . 343 . 29 Parts 43 | . 27 . 16 Haulers Intercepted . | . . . . Recyclers Shooed . | . . . . Parts Field Recycled . | . . . . Retrieved Matter . | . . . . Parts Self-Destructed . | . . . . Prevented . | . . . . Kills | -11 -10 -10 -10 ------- Run | Yrd Mat Min Exi Combat Hostiles Destroyed 13 | . 6 . 7 Guns 6 | . 6 . . AOE 7 | . . . 7 Classes Destroyed 5 | . 4 . 1 Worker 1 | . 1 . . Mechanic 1 | . 1 . . Watcher 1 | . 1 . . Grunt 6 | . 6 . . Assembled 7 | . . . 7 Best Kill Streak 8 | . 2 . 8 Combat Bots Only 7 | . 2 . 7 Max Kills in Single Turn 3 | . 1 . 3 Gunslinging . | . . . . Exploded 3 | . . . 3 Melee . | . . . . Uniques/NPCs Destroyed 1 | . . . 1 EX-BIN (-10/Exiles) Combat | -11 -10 -10 -10 -------- Run | Yrd Mat Min Exi Hostile Shots Fired 66 | . 27 . 39 Missed 20 | . 7 . 13 Damage Taken 723 | . 252 . 471 Core 260 | . 51 . 209 Absorbed by Shields . | . . . . Redirected to Shielding 40 | . 8 . 32 Regen/Repaired (Parts) 8 | . 8 . . Core Remaining (%) 100 | 100 . . . Volleys Fired 42 | . 32 . 10 Largest 2 | . 2 . 2 Hottest 60 | . 40 . 60 Shots Fired 82 | . 65 . 17 Gun 72 | . 65 . 7 Cannon . | . . . . Launcher 10 | . . . 10 Special . | . . . . Kinetic 72 | . 65 . 7 Thermal . | . . . . Explosive 10 | . . . 10 Electromagnetic . | . . . . Robot Hit Streak 10 | . 10 . 3 Robot Miss Streak 3 | . 3 . 3 Penetration Max . | . . . . Secondary Targets 1 | . 1 . . Max Gunslinging Chain 1 | . 1 . . Shots Hit Robots 46 | . 40 . 6 Core Hits 44 | . 22 . 22 Critical Kills . | . . . . Critical Parts Destroyed . | . . . . Critical Strikes . | . . . . Melee Attacks . | . . . . Impact . | . . . . Slashing . | . . . . Piercing . | . . . . Sneak Attacks . | . . . . Combat Hostiles . | . . . . Follow-up Attacks . | . . . . Damage Inflicted 1002 | . 462 . 540 Guns 496 | . 462 . 34 Cannons . | . . . . Explosions 506 | . . . 506 Melee . | . . . . Ramming . | . . . . Kinetic 496 | . 462 . 34 Thermal . | . . . . Explosive 506 | . . . 506 Electromagnetic . | . . . . Impact . | . . . . Slashing . | . . . . Piercing . | . . . . Highest Corruption 4 | . 4 4 4 Average Corruption 3 | . 3 4 4 Corruption Purged . | . . . . Corruption Blocked . | . . . . Effects 12 | . 6 1 5 Message Errors 3 | . 1 . 2 Matter Fused 3 | . 1 1 1 Heat Flow Errors 2 | . 2 . . Energy Discharges 1 | . . . 1 Data Loss (minor) 1 | . 1 . . Misfires 2 | . 1 . 1 Overload Shots . | . . . . Overflow Damage . | . . . . Projectiles . | . . . . Explosions . | . . . . Melee . | . . . . Knockbacks . | . . . . Impact . | . . . . Kinetic . | . . . . Secondary . | . . . . Self-Inflicted Damage . | . . . . Shots . | . . . . Rammed . | . . . . Targets Rammed . | . . . . Kicked . | . . . . Crushed . | . . . . Highest Temperature 215 | . 215 . 50 Average Temperature 55 | . 63 . 31 Received Heat Transfer 221 | . 141 . 80 Siege Activations . | . . . . Robots Corrupted . | . . . . Combat Hostiles . | . . . . Parts Fried . | . . . . Impact Corruptions . | . . . . Robots Melted . | . . . . Combat Hostiles . | . . . . Parts Melted . | . . . . Heat Transferred . | . . . . Parts Sabotaged . | . . . . Parts Stolen . | . . . . Parts Stripped . | . . . . Power Chain Reactions . | . . . . Alert | -11 -10 -10 -10 ------- Run | Yrd Mat Min Exi Peak Influence 132 | . 132 46 . Initial 46 | . . 46 . Average 49 | . 50 46 . Maximum Alert Level . | . . . . Low Security (%) 100 | . 100 100 . Level 1 . | . . . . Level 2 . | . . . . Level 3 . | . . . . Level 4 . | . . . . Level 5 . | . . . . High Security . | . . . . Max Security . | . . . . Squads Dispatched 3 | . 3 . . Investigation 3 | . 3 . . Extermination . | . . . . Reinforcement . | . . . . Assault . | . . . . Garrison . | . . . . Intercept . | . . . . Searches Triggered . | . . . . Construction Impeded . | . . . . Haulers Reinforced . | . . . . Active Scanning Responses . | . . . . Cargo Convoy Interrupts . | . . . . Stealth | -11 -10 -10 -10 --------- Run | Yrd Mat Min Exi Distress Signals 1 | . 1 . . Communications Jammed . | . . . . Distress Signals . | . . . . Times Spotted 20 | . 12 . 8 Peak Tracking Total 9 | . 3 . 9 Tactical Retreats . | . . . . Traps | -11 -10 -10 -10 ------- Run | Yrd Mat Min Exi Traps Triggered 2 | . 2 . . Indirectly . | . . . . Trap Hack Attempts . | . . . . Triggered . | . . . . Disarmed . | . . . . Reprogrammed 4 | . 4 . . Reused . | . . . . Traps Extracted . | . . . . Installed . | . . . . Triggered . | . . . . Machines | -11 -10 -10 -10 ---------- Run | Yrd Mat Min Exi Machines Disabled 2 | . . . 2 Max in Single Turn 1 | . . . 1 Machines Repaired . | . . . . Machines Dismantled . | . . . . Machines Sabotaged . | . . . . Overloaded Fab Kills . | . . . . Hacking | -11 -10 -10 -10 --------- Run | Yrd Mat Min Exi Machines Accessed 8 | . 8 . . Terminals 6 | . 6 . . Fabricators . | . . . . Repair Stations 1 | . 1 . . Recycling Units 1 | . 1 . . Scanalyzers . | . . . . Garrison Access . | . . . . Total Hacks 29 | . 29 . . Successful 18 | . 18 . . Failed 10 | . 10 . . Catastrophic 2 | . 2 . . Database Lockouts 1 | . 1 . . Manual 15 | . 15 . . Terminals 24 | . 24 . . Fabricators . | . . . . Repair Stations 2 | . 2 . . Recycling Units 3 | . 3 . . Scanalyzers . | . . . . Garrison Access . | . . . . Terminal Hacks 9 | . 9 . . Prototype ID Bank 2 | . 2 . . Branch Access Points 1 | . 1 . . Terminal Index 1 | . 1 . . Reprogram Traps 1 | . 1 . . Patrol Status 1 | . 1 . . Transport Status 1 | . 1 . . Registered Components 1 | . 1 . . Zone Layout 1 | . 1 . . Fabricator Hacks . | . . . . Repair Station Hacks 2 | . 2 . . Scan Component 1 | . 1 . . Repair 1 | . 1 . . Recycling Unit Hacks 2 | . 2 . . Process 1 | . 1 . . Retrieve Matter 1 | . 1 . . Scanalyzer . | . . . . Garrison Access Hacks . | . . . . Unauthorized Hacks 5 | . 5 . . Terminals 5 | . 5 . . Botnet 4 | . 4 . . Disrupt 1 | . 1 . . Fabricators . | . . . . Repair Stations . | . . . . Recycling Units . | . . . . Scanalyzers . | . . . . Garrison Access . | . . . . Data Cores Recovered . | . . . . Used . | . . . . Hacking Detections 8 | . 8 . . Full Trace Events 3 | . 3 . . Feedback Events 1 | . 1 . . Corruption 1 | . 1 . . Feedback Blocked . | . . . . Robot Schematics Acquired . | . . . . Robots Built . | . . . . Authchips . | . . . . Time . | . . . . Total Robot Build Rating . | . . . . Part Schematics Acquired . | . . . . Parts Built . | . . . . Authchips . | . . . . Time . | . . . . Total Part Build Rating . | . . . . Parts Repaired 1 | . 1 . . Time 26 | . 26 . . Parts Recycled . | . . . . Recycled Matter 103 | . 103 . . Retrieved Matter 103 | . 103 . . Retrieved Components . | . . . . Parts Scanalyzed . | . . . . Part Schematics Acquired . | . . . . Parts Damaged . | . . . . Bothacking | -11 -10 -10 -10 ------------ Run | Yrd Mat Min Exi Used RIF Installer . | . . . . Robots Hacked . | . . . . Non-combat . | . . . . Combat . | . . . . Robot Hacks Applied . | . . . . Relay Couplers Released . | . . . . Fabnet Peak Effective % . | . . . . Robots Rewired . | . . . . Allies Hacked . | . . . . Hacks Repelled . | . . . . Allies | -11 -10 -10 -10 -------- Run | Yrd Mat Min Exi Total Allies . | . . . . Largest Group . | . . . . Highest-Rated Group . | . . . . Highest-Rated Ally . | . . . . Total Orders . | . . . . Ally Attacks . | . . . . Total Damage . | . . . . Kills . | . . . . Allies Corrupted . | . . . . Allies Melted . | . . . . Intel | -11 -10 -10 -10 ------- Run | Yrd Mat Min Exi Robot Analysis Total . | . . . . Derelict Logs Recovered 2 | . . 2 . Drone Launches . | . . . . Drone Recoveries . | . . . . Exploration | -11 -10 -10 -10 ------------- Run | Yrd Mat Min Exi Turns Passed 875 | . 632 97 146 Spaces Moved 701 | 1 487 103 110 Core 7 | . . . 7 Treads . | . . . . Legs 102 | 1 101 . . Wheels 583 | . 386 103 94 Hover 9 | . . . 9 Flight . | . . . . Fastest Speed 50 | 120 95 95 50 Average Speed 99 | 120 100 95 96 Slowest Speed 210 | 120 120 95 210 Overloaded Moves . | . . . . Propulsion Burnouts . | . . . . Robots Hopped . | . . . . Cave-ins Triggered . | . . . . Exploration Rate (%) 36 | 2 72 31 40 Regions Visited 3 Branch Regions 2 Pre-discovered Areas 1 | . . 1 . Known Exits Taken 2 | . 1 1 . Unknown Exits Taken 1 | 1 . . . Scrap Searched . | . . . . Spaces Dug . | . . . . Terrain Destroyed 24 | . . . 24 Melee . | . . . . Projectile . | . . . . AOE 24 | . . . 24 Terrain Rammed . | . . . . Walls Destroyed . | . . . . Machines Disabled . | . . . . Actions | -11 -10 -10 -10 --------- Run | Yrd Mat Min Exi Total 805 | . 566 102 137 Wait 25 | . 25 . . Move 698 | . 486 102 110 Hop . | . . . . Pick Up 9 | . 8 . 1 Fast Attach 3 | . 1 . 2 Attach 2 | . 2 . . Detach 1 | . . . 1 Swap 12 | . 9 . 3 Drop 13 | . 3 . 10 Fire 42 | . 32 . 10 Melee . | . . . . Ram . | . . . . Kick . | . . . . Crush . | . . . . Escape Stasis . | . . . . Rewire . | . . . . Trap . | . . . . Miscellaneous . | . . . . Route ------- -11/Scrapyard -10/Materials (discovered 3 exits: [*Mat x2] / *Min) -10/Mines (discovered 3 exits: [*Mat x2] / *Exi) -10/Exiles History --------- Turn | Location | Event 1 | -11/Scrapyard | Discovered new exit (range 0) 1 | -11/Scrapyard | Entered Materials 168 | -10/Materials | Discovered new exit (range 4) 302 | -10/Materials | Repaired Com. Wheel 307 | -10/Materials | Build established: Mutant 363 | -10/Materials | Identified exit to Mines 395 | -10/Materials | Discovered new exit (range 15) 419 | -10/Materials | Central database locked down 633 | -10/Materials | Entered Mines 653 | -10/Mines | Discovered new exit (range 8) 681 | -10/Mines | Identified exit to Exiles 681 | -10/Mines | Discovered new exit (range 5) 727 | -10/Mines | Deemed a non-threat by the Exiles lab entrance 730 | -10/Mines | Entered Exiles 756 | -10/Exiles | Met 8R-AWN 770 | -10/Exiles | Met EX-HEX 801 | -10/Exiles | Met EX-BIN 811 | -10/Exiles | Aligned with FarCom system 812 | -10/Exiles | Given EX-Vault access code 813 | -10/Exiles | Attacked by the Exiles 820 | -10/Exiles | Destroyed EX-BIN 863 | -10/Exiles | Destroyed 7 combat bots 870 | -10/Exiles | Core integrity fell below 50% 875 | -10/Exiles | Core integrity fell below 20% 876 | -10/Exiles | Destroyed by DAS Turret with DAS Cannon Last Messages --------------- 00865_ Mak. Hover Unit destroyed. 00865_ HV Slug penetrates Wall. 00867_ Penetrated by HV Slug. 00867_ HV Slug penetrates Wall. 00867_ HV Slug penetrates Earth. 00868_ Dropped Assault Rifle. 00869_ The unstable cave ceiling collapses. 00869_ Dropped Mak. Hover Unit. 00869_ Penetrated by HV Slug. 00869_ HV Slug penetrates Earth. 00869_ HV Slug penetrates Machine. 00871_ Penetrated by HV Slug. 00871_ HV Slug penetrates Machine. 00871_ Penetrated by HV Slug. 00871_ HV Slug penetrates Machine. 00872_ Dropped Lgt. Treads. 00873_ %R#8JD&D9HX3D|LWMANMRG0VTWIPQ EP 00873_ Dropped Com. Wheel. 00873_ Dropped Sml. Storage Unit. 00874_ Penetrated by HV Slug. Map ----- +----------------------------------------------------+ | ?????????????????????????????# ??#########???? | | ?????????????????????????????# ??#"""""""#???? | | ?????????????????????????????# ??#"""""""#???? | | ?????????????????????????????" ??#"""""""#???? | | ????????????????????????????## ### " """"#???? | | ????????????????????????????#" " ""#???? | | ????????????????????????????#" ""#???? | | ????????????????????????????#" """#???? | | ????????????????????????????#" ""#???? | | ????????????????????????????#" """#???? | | ????????????????????????????#" """##??? | | ????????????????????????????## = =! """""??? | | ????????????????????????????#" * """##??? | | ????????????????????????????# X" """""??? | | ???????????????????????????## " #???? | | ???????????????????????????# *] """"""#???? | | ???????????????????????????#" # ######???? | | ???????????????????????????##" ![[ # ##????????? | | ???????????????#??##??###### [[! # #????????? | | ????????????##X# #"###"""""" !== #????????? | | ???????????? """""" " "" g## ##?######## | | ??????????? "" """ ==! #####"""""""" | | ??????????? " """ "" | | ?????????? "" " | | ?????????? " | | ?????????? @ | | ?????????? % | | ?????????? | | ??????????? """""" | | ??????????? ######""" | | ???????????? ""##????#####""" | | ???????????? """#??????????##""" | | ???????????? """#????????????#"""" | | ????????????? ""?????????????#"" | | ????????????? ????????????????#"""" | | ?????????????? ????????????????"" | | ?????????????? ???????????????"" | | ???????????????? ?????????????? | | ?????????????????????????????? | | ?????????????????????????????? " | | ?????????????????????????????? "" """ | | ??????????????????????????????? ##""" " " ""#" | | ??????????????????????????????? ???####""" """##"" | | ??????????????????????????????????????###""""#?### | | ????????????????????????????????????????#####????? | | ?????????????????????????????????????????????????? | | ?????????????????????????????????????????????????? | | ?????????????????????????????????????????????????? | | ?????????????????????????????????????????????????? | | ?????????????????????????????????????????????????? | +----------------------------------------------------+ Best States ------------- Heat Dissipation 25 Energy Generation 10 Energy Capacity 250 Matter Stores 300 Matter Capacity 300 Sight Range 16 Terrain Scan Density 10 Propulsion Shielding 33 Evasion (%) 55 Item Schematics ----------------- None Robot Schematics ------------------ None Fabricated ------------ Nothing Alien Tech Used ----------------- None Achievements -------------- None Challenges ------------ None Game ------ Seed VortexAlloyDisintegrator Manual? 0 Play Time 00:07:01 Cumulative 717.8 hours Start 2024.04.16 @ 05:01:55 End 2024.04.16 @ 05:07:45 Sessions 1 Manual Loads 0 Difficulty Rogue Special Mode None Game No. 768 Rogue 493 Adventurer 123 Explorer 152 Win Type - Total 26 Types 20/0/4/1/0/0/0/1/0 Lore% 83 Gallery% 91 Achievement% 76 Wizard Run 0 Options --------- Layout 0 ASCII 0 Keyboard 1 Movement Numpad Keybinds 0 Fullscreen 2 Font 18/Terminus Map View 76x50 Zoom Use 0% Tactical HUD 1 Map Filters NONE Filters NONE Steam 1 RUN: 4ee37c26-b1d3-4f24-a413-ad8d7a6eb596